 Dungeon Crawl Stone Soup version 0.31-a0-799-g6bc09d010c (webtiles) character file.

Game seed: 3284653226368209925

185 cforsyth the Trooper (level 5, -2/42 HPs)
             Began as a Djinni Delver on Sept 19, 2023.
             Slain by Eustachio
             ... wielding a +3 falchion of protection
              (4 damage)
             ... on level 4 of the Dungeon.
             The game lasted 00:03:03 (1000 turns).

cforsyth the Trooper (Djinni Delver)                Turns: 1000, Time: 00:03:04

Health: -2/42      AC: 10    Str: 11    XL:     5   Next: 96%
Gold:   18         EV:  2    Int: 14    God:
                   SH:  0    Dex: 14

rFire   + + .        a - +0 falchion
rCold   x . .        (no shield)
rNeg    . . .        i - +0 plate armour
rPois   ∞            (no helmet)
rElec   .            (no cloak)
rCorr   .            (no gloves)
SInv    .            (boots unavailable)
Will    .....        (no amulet) Stlth
                     (no ring)
HPRegen 0.27/turn    (no ring)
MPRegen 0.00/turn

%: infuse magic (-3 HP)
@: flying
A: sickness immunity, fire resistance 2, cold vulnerability 1, float, innate
caster, HP casting, extra vitality 1
a: no special abilities


You were on level 4 of the Dungeon.
You visited 1 branch of the dungeon, and saw 3 of its levels.

You collected 18 gold pieces.

Inventory:

Hand Weapons
 a - a +0 falchion (weapon)
Armour
 b - a +0 leather armour
 i - a +0 plate armour (worn)
Wands
 g - a wand of digging (3)
Scrolls
 c - a scroll of fog
 d - a scroll of revelation
 h - 2 scrolls of identify {unknown}
Potions
 f - a potion of haste
 j - a potion of might {unknown}


   Skills:
 + Level 4.8 Fighting
 - Level 1.7 Long Blades
 - Level 2.1 Dodging
 - Level 4.1 Stealth
 + Level 2.5 Spellcasting
 + Level 2.5 Conjurations
 + Level 2.5 Hexes
 + Level 2.5 Summonings
 + Level 2.5 Necromancy
 + Level 2.5 Translocations
 + Level 2.5 Transmutations
 + Level 2.5 Fire Magic
 + Level 2.5 Ice Magic
 + Level 2.5 Air Magic
 + Level 2.5 Earth Magic
 + Level 2.5 Poison Magic


You knew the following spells:

 Your Spells              Type           Power      Damage    Failure   Level
a - Summon Small Mammal   Summ           32%        N/A       100%        1
b - Blink                 Tloc           16%        N/A       100%        2
Your spell library was empty.


Dungeon Overview and Level Annotations

Branches:
Dungeon (5/15)
 Temple: D:4-7

Altars:

Annotations:
D:3 Robin
D:4 Eustachio


Innate Abilities, Weirdness & Mutations

You are immune to sickness and miasma.
You are immune to poison.
Your flesh is very heat resistant. (rF++)
You are vulnerable to cold. (rC-)
You float through the air rather than walking.
You learn spells naturally, not from books.
Your magical power is your life essence.
You have superior vitality. (+4 MHP)


Message History

Eustachio mumbles some strange words.
Eustachio blinks!
The quokka twitches its whiskers.
The bat hits you but does no damage. x2
The bat hits you. The bat hits you but does no damage.
Eustachio mumbles some strange words.
Eustachio blinks!
The bat hits you.
* * * LOW HITPOINT WARNING * * *
The bat hits you.
* * * LOW HITPOINT WARNING * * *
The bat hits you but does no damage. The bat attacks as it pursues you!
The bat hits you but does no damage. x2
The bat hits you but does no damage. The bat hits you.
* * * LOW HITPOINT WARNING * * *
The bat hits you but does no damage.
Eustachio gestures wildly while chanting.
You hit the bat.
The bat is moderately wounded.
The bat hits you but does no damage. x2
The quokka bites you but does no damage.
The bat barely misses you.
The crimson imp blinks!
You hit the bat.
You kill the bat!
The bat's corpse disappears in a puff of smoke!
The bat hits you but does no damage. The bat completely misses you.
The quokka bites you but does no damage.
The bat hits you but does no damage. The quokka bites you.
* * * LOW HITPOINT WARNING * * *
Eustachio casts a spell.
Eustachio blinks!
The crimson imp blinks!
You barely miss Eustachio. The bat hits you but does no damage.
Eustachio hits you but does no damage.
Eustachio hits you with a +3 falchion of protection.
* * * LOW HITPOINT WARNING * * *
Eustachio hits you with a +3 falchion of protection!
* * * LOW HITPOINT WARNING * * *
Eustachio hits you with a +3 falchion of protection.
You die...
Eustachio twirls his moustache.

#######...# #.#
..........####.#
#######.#......#
#.######## ## #.# #.
########## #.# #.
.........# #.######### #.
########.###r........###.
#@@b55............
##.r##########.###r #...#
#.# #. #...# #.# #. #...#
#.# #. ##### #.# #. #.#
#. ##.#### #......


You could see Eustachio, an iron imp (summoned), a crimson imp (summoned), a
quokka (summoned), a bat (summoned) and a rat (summoned).

Vanquished Creatures
  A scorpion (D:5)
  2 howler monkeys
  4 adders (D:3)
  A dart slug (D:3)
  3 giant cockroaches (D:3)
  2 hobgoblins
  2 quokkas (D:3)
  2 ball pythons (D:3)
  2 frilled lizards (D:3)
  A kobold (D:4)
20 creatures vanquished.

Notes
Turn   | Place    | Note
-------+----------+-------------------------------------------
     0 | D:5      | cforsyth the Djinni Delver began the quest for the Orb.
     0 | D:5      | Reached XP level 1. HP: 20/20 MP: 0/0
    19 | D:5      | Noticed a howler monkey
    27 | D:5      | Noticed a scorpion
    28 | D:5      | Killed a howler monkey
    29 | D:5      | Reached skill level 1 in Spellcasting
    29 | D:5      | Reached skill level 1 in Conjurations
    29 | D:5      | Reached skill level 1 in Hexes
    29 | D:5      | Reached skill level 1 in Summonings
    29 | D:5      | Reached skill level 1 in Necromancy
    29 | D:5      | Reached skill level 1 in Translocations
    29 | D:5      | Reached skill level 1 in Transmutations
    29 | D:5      | Reached skill level 1 in Fire Magic
    29 | D:5      | Reached skill level 1 in Ice Magic
    29 | D:5      | Reached skill level 1 in Air Magic
    29 | D:5      | Reached skill level 1 in Earth Magic
    29 | D:5      | Reached skill level 1 in Poison Magic
    29 | D:5      | Reached XP level 2. HP: 20/26 MP: 0/0
    29 | D:5      | Reached XP level 3. HP: 24/31 MP: 0/0
    29 | D:5      | Learned a level 1 spell: Summon Small Mammal
    42 | D:5      | Killed a scorpion
    43 | D:5      | Reached XP level 4. HP: 10/37 MP: 0/0
    63 | D:5      | Noticed a phantom
   188 | D:4      | Reached XP level 5. HP: 37/42 MP: 0/0
   188 | D:4      | Learned a level 2 spell: Blink
   311 | D:4      | Noticed Eustachio
   348 | D:3      | Noticed Robin
   999 | D:4      | HP: 2/42 [Eustachio/+3 falchion of protection (8)]
  1000 | D:4      | Slain by Eustachio

Illustrated notes

Levels and vault maps discovered:
D:3:      layout_basic, nicolae_sif_muna_little_library,
          chequers_serial_rivers_marsh, kennysheep_big_empty_room,
          minmay_joined_circles, uniq_robin
D:4:      layout_loops_ring, kennysheep_mini, nicolae_grassy_gnolls,
          uniq_natasha, uniq_eustachio
D:5:      layout_rooms, chequers_serial_rivers_small_a, minmay_misc_feat_doors

Skill      XL: |  1  2  3 |
---------------+----------+-----
Spellcasting   | 1 2 |  2.5
Conjurations   | 1 2 |  2.5
Hexes          | 1 2 |  2.5
Summonings     | 1 2 |  2.5
Necromancy     | 1 2 |  2.5
Translocations | 1 2 |  2.5
Transmutations | 1 2 |  2.5
Fire Magic     | 1 2 |  2.5
Ice Magic      | 1 2 |  2.5
Air Magic      | 1 2 |  2.5
Earth Magic    | 1 2 |  2.5
Poison Magic   | 1 2 |  2.5
Fighting       | 4 |  4.8
Long Blades    | |  1.7
Dodging        | |  2.1
Stealth        | |  4.1

Action                     |  1- 3 |  4- 6 || total
---------------------------+-------+-------++-------
  Melee: Falchion          |    18 |    99 ||   117
   Cast: Summon Small Mamm |     2 |     1 ||     3
    Use: Scroll            |       |     2 ||     2
   Stab: Sleeping          |     1 |     2 ||     3
 Armour: Leather armour    |    10 |    23 ||    33
         Plate armour      |       |   117 ||   117
  Dodge: Dodged            |    10 |    30 ||    40

Table legend: (Time is in decaauts)
 A = Elapsed time spent in this place.
 B = Non-inter-level travel time spent in this place.
 C = Inter-level travel time spent in this place.
 D = Time resting spent in this place.
 E = Time spent auto-exploring this place.
 F = Levels seen in this place.
 G = Mean time per level.
                   A        B        C        D        E       F      G
               +--------+--------+--------+--------+--------+-----+--------+
         Total |   1027 |   1006 |     21 |    280 |    368 |   3 |  342.3 |
       Dungeon |   1027 |   1006 |     21 |    280 |    368 |   3 |  342.3 |
               +--------+--------+--------+--------+--------+-----+--------+

Top non-repeatable levels by time:
     D:3: 495 daAuts
     D:4: 453 daAuts
     D:5: 79 daAuts
